[ AOE2 MATCH · #477444837 ]
UnrankedByzantines vs Britons
[ REPLAY ANALYSIS · EXTRACTED FROM THE RECORDED GAME ]
Feudal
13:52
Castle
22:07
Imperial
35:45
| APM avg | 17.1 |
| APM peak | 69 |
| eAPM avg | 15.6 |
| Villagers / military | 117 / 675 |
Focus
⚔️ 62.6% · 🌾 37.4%
Scout Cavalry ×360 · Knight ×315 · Trade Cart ×19
Feudal
11:20
Castle
23:35
Imperial
33:34
| APM avg | 22.9 |
| APM peak | 66 |
| eAPM avg | 15.1 |
| Villagers / military | 72 / 443 |
Focus
⚔️ 60.3% · 🌾 39.7%
Longbowman ×437 · Trade Cart ×54 · Trebuchet (Packed) ×6
Feudal
11:36
Castle
19:09
Imperial
36:17
| APM avg | 32.7 |
| APM peak | 68 |
| eAPM avg | 19.6 |
| Villagers / military | 123 / 959 |
Focus
⚔️ 37.8% · 🌾 62.2%
Skirmisher ×503 · Serjeant ×232 · Spearman ×210 · Mangonel ×11 · Trebuchet (Packed) ×2 · Monk ×1
Feudal
12:21
Castle
33:39
Imperial
58:21
| APM avg | 25.7 |
| APM peak | 53 |
| eAPM avg | 16.4 |
| Villagers / military | 188 / 404 |
Focus
⚔️ 36.8% · 🌾 63.2%
Spearman ×204 · Militia ×56 · Steppe Lancer ×44 · Battering Ram ×29 · Trade Cart ×25 · Scout Cavalry ×23
Feudal
11:20
Castle
18:45
Imperial
38:21
| APM avg | 26.0 |
| APM peak | 94 |
| eAPM avg | 19.4 |
| Villagers / military | 169 / 741 |
Focus
⚔️ 51.3% · 🌾 48.7%
Skirmisher ×588 · Battle Elephant ×80 · Scout Cavalry ×45 · Bombard Cannon ×27 · Trade Cart ×11 · Mangonel ×1
Feudal
11:38
Castle
16:00
Imperial
32:07
| APM avg | 42.8 |
| APM peak | 84 |
| eAPM avg | 34.9 |
| Villagers / military | 134 / 640 |
Focus
⚔️ 57.8% · 🌾 42.2%
Spearman ×365 · Unknown (882) ×308 · Scout Cavalry ×140 · Knight ×62 · Composite Bowman ×58 · Trebuchet (Packed) ×12
Feudal
—
Castle
—
Imperial
—
| APM avg | 19.0 |
| APM peak | 68 |
| eAPM avg | 10.3 |
| Villagers / military | 116 / 285 |
Focus
⚔️ 33.2% · 🌾 66.8%
Skirmisher ×123 · Conquistador ×81 · Knight ×63 · Scout Cavalry ×15 · Spearman ×2 · Trebuchet (Packed) ×1
Feudal
11:38
Castle
17:10
Imperial
41:06
| APM avg | 19.5 |
| APM peak | 45 |
| eAPM avg | 11.7 |
| Villagers / military | 114 / 476 |
Focus
⚔️ 38.7% · 🌾 61.3%
Spearman ×352 · Genoese Crossbowman ×68 · Unknown (882) ×40 · Militia ×34 · Trade Cart ×20 · Bombard Cannon ×10
Match map
Initial resources + every placement click. Lines = walls · curves = elevation contours. ◆ gold · ⬟ stone · ● berries · ✦ relic · ◌ wall gap
Your base· ✓ Closed at 22:07 · 0t walls · 3 gate(s)
mustafasahinsau's base· ✓ Closed at 23:35 · 0t walls · 3 gate(s)
atouminou's base· ✓ Closed at 19:09 · 0t walls · 2 gate(s)
Pheonix028's base· ✓ Closed at 33:39 · 0t walls · 1 gate(s) · fragile
DarkEater's base· ✓ Closed at 18:45 · 0t walls · 2 gate(s)
无名之辈2's base· ✓ Closed at 16:00 · 0t walls · 2 gate(s)
vibereg's base· ✓ Closed at 14:53 · 0t walls · 2 gate(s)
Tycode's base· ✓ Closed at 17:10 · 0t walls · 2 gate(s)
Smoothed initial terrain · ◌ = detected wall gap · hover for details
Inputs per minute
— Jeronimoo - - mustafasahinsau
Build order — Jeronimoo
First 150 of 1005 actions detected
| 0:11 | Create | Villager (Male) |
| 0:11 | Create | Villager (Male) |
| 0:12 | Research | Loom |
| 0:43 | Build | House |
| 0:52 | Create | Villager (Male) |
| 0:52 | Create | Villager (Male) |
| 0:52 | Create | Villager (Male) |
| 0:52 | Create | Villager (Male) |
| 0:53 | Create | Villager (Male) |
| 1:39 | Build | House |
| 1:43 | Create | Villager (Male) |
| 2:14 | Build | House |
| 2:19 | Create | Villager (Male) |
| 2:19 | Create | Villager (Male) |
| 2:47 | Build | House |
| 2:59 | Create | Villager (Male) |
| 3:59 | Create | Villager (Male) |
| 3:59 | Create | Villager (Male) |
| 3:59 | Create | Villager (Male) |
| 3:59 | Create | Villager (Male) |
| 4:11 | Build | Lumber Camp |
| 4:35 | Create | Villager (Male) |
| 4:35 | Create | Villager (Male) |
| 5:49 | Create | Villager (Male) |
| 5:49 | Create | Villager (Male) |
| 5:49 | Create | Villager (Male) |
| 5:49 | Create | Villager (Male) |
| 6:07 | Build | Mill |
| 6:22 | Create | Villager (Male) |
| 6:59 | Create | Villager (Male) |
| 7:10 | Create | Villager (Male) |
| 7:40 | Create | Villager (Male) |
| 8:44 | Create | Villager (Male) |
| 9:14 | Create | Villager (Male) |
| 9:24 | Create | Villager (Male) |
| 9:45 | Build | House |
| 9:48 | Build | House |
| 9:52 | Create | Villager (Male) |
| 10:16 | Build | Farm |
| 10:19 | Create | Villager (Male) |
| 11:06 | Build | Farm |
| 11:12 | Build | Farm |
| 11:14 | Create | Villager (Male) |
| 11:42 | Research | Feudal Age |
| 11:59 | Build | Farm |
| 12:11 | Create | Villager (Male) |
| 12:21 | Build | Mining Camp |
| 12:38 | Build | House |
| 12:44 | Build | Barracks |
| 13:02 | Create | Villager (Male) |
| 13:23 | Create | Villager (Male) |
| 13:52 | Age | Feudal Age |
| 13:57 | Research | Horse Collar |
| 14:01 | Research | Double-Bit Axe |
| 14:05 | Research | Gold Mining |
| 14:19 | Build | Blacksmith |
| 14:26 | Build | Market |
| 14:32 | Create | Villager (Male) |
| 14:41 | Build | Farm |
| 14:54 | Build | Farm |
| 15:03 | Create | Villager (Male) |
| 15:16 | Build | Farm |
| 15:22 | Create | Villager (Male) |
| 15:41 | Build | Farm |
| 16:03 | Create | Villager (Male) |
| 16:44 | Build | Farm |
| 17:22 | Create | Villager (Male) |
| 17:23 | Create | Villager (Male) |
| 17:31 | Build | Farm |
| 17:41 | Build | House |
| 17:57 | Build | Farm |
| 18:01 | Create | Villager (Male) |
| 18:27 | Build | Farm |
| 18:30 | Create | Villager (Male) |
| 18:48 | Build | Stable |
| 18:58 | Create | Villager (Male) |
| 19:05 | Build | Farm |
| 19:11 | Build | Farm |
| 19:14 | Research | Castle Age |
| 19:36 | Build | Farm |
| 19:54 | Build | House |
| 20:16 | Research | Wheelbarrow |
| 21:30 | Build | House |
| 22:07 | Age | Castle Age |
| 22:11 | Build | House |
| 22:14 | Create | Knight |
| 22:18 | Research | Heavy Plow |
| 22:21 | Research | Bow Saw |
| 22:25 | Research | Gold Shaft Mining |
| 22:28 | Create | Villager (Male) |
| 22:28 | Create | Villager (Male) |
| 22:35 | Research | Scale Barding Armor |
| 22:46 | Build | House |
| 22:55 | Create | Knight |
| 23:19 | Create | Knight |
| 23:29 | Build | House |
| 23:37 | Research | Husbandry |
| 23:45 | Create | Knight |
| 23:49 | Create | Villager (Male) |
| 23:57 | Build | Farm |
| 24:09 | Build | House |
| 24:12 | Create | Knight |
| 24:16 | Create | Villager (Male) |
| 24:21 | Build | Farm |
| 24:58 | Research | Husbandry |
| 25:01 | Research | Forging |
| 25:11 | Build | Farm |
| 25:14 | Create | Villager (Male) |
| 25:18 | Create | Knight |
| 25:40 | Build | Town Center |
| 25:56 | Create | Villager (Male) |
| 25:59 | Create | Knight |
| 26:55 | Create | Villager (Male) |
| 26:58 | Create | Knight |
| 27:17 | Research | Iron Casting |
| 27:57 | Create | Knight |
| 28:00 | Create | Villager (Male) |
| 28:04 | Create | Villager (Male) |
| 28:05 | Create | Villager (Male) |
| 28:09 | Create | Villager (Male) |
| 28:10 | Research | Hand Cart |
| 28:26 | Create | Knight |
| 28:57 | Build | Farm |
| 29:11 | Build | Monastery |
| 29:33 | Create | Knight |
| 29:37 | Create | Villager (Male) |
| 29:37 | Create | Villager (Male) |
| 29:40 | Create | Villager (Male) |
| 29:41 | Create | Villager (Male) |
| 30:08 | Create | Knight |
| 30:12 | Create | Villager (Male) |
| 30:12 | Create | Villager (Male) |
| 30:15 | Create | Villager (Male) |
| 30:15 | Create | Villager (Male) |
| 30:22 | Build | Farm |
| 30:27 | Build | Farm |
| 30:32 | Build | University |
| 30:36 | Create | Knight |
| 30:39 | Create | Villager (Male) |
| 30:46 | Build | Farm |
| 30:48 | Create | Villager (Male) |
| 31:03 | Create | Knight |
| 31:12 | Build | Farm |
| 31:17 | Build | Farm |
| 31:23 | Create | Villager (Male) |
| 31:23 | Create | Villager (Male) |
| 31:26 | Create | Villager (Male) |
| 31:26 | Create | Villager (Male) |
| 31:47 | Build | Farm |
| 31:53 | Build | Farm |
Build order — mustafasahinsau
First 150 of 668 actions detected
| 0:08 | Create | Villager (Male) |
| 0:08 | Create | Villager (Male) |
| 0:09 | Create | Villager (Male) |
| 0:09 | Create | Villager (Male) |
| 0:11 | Build | House |
| 0:13 | Build | House |
| 0:16 | Build | House |
| 0:17 | Build | House |
| 1:54 | Create | Villager (Male) |
| 1:54 | Create | Villager (Male) |
| 1:54 | Create | Villager (Male) |
| 2:26 | Create | Villager (Male) |
| 2:26 | Create | Villager (Male) |
| 2:26 | Create | Villager (Male) |
| 2:37 | Build | Mill |
| 2:50 | Create | Villager (Male) |
| 2:50 | Create | Villager (Male) |
| 3:21 | Create | Villager (Male) |
| 3:21 | Create | Villager (Male) |
| 3:22 | Create | Villager (Male) |
| 4:35 | Create | Villager (Male) |
| 4:35 | Create | Villager (Male) |
| 4:35 | Create | Villager (Male) |
| 4:36 | Create | Villager (Male) |
| 4:36 | Create | Villager (Male) |
| 4:36 | Create | Villager (Male) |
| 4:36 | Create | Villager (Male) |
| 5:17 | Create | Villager (Male) |
| 5:17 | Create | Villager (Male) |
| 5:17 | Create | Villager (Male) |
| 5:18 | Create | Villager (Male) |
| 5:58 | Create | Villager (Male) |
| 6:40 | Create | Villager (Male) |
| 7:27 | Create | Villager (Male) |
| 7:54 | Build | Lumber Camp |
| 8:49 | Build | House |
| 9:06 | Research | Feudal Age |
| 9:33 | Build | House |
| 9:35 | Build | House |
| 9:37 | Build | House |
| 9:43 | Build | House |
| 10:05 | Create | Villager (Male) |
| 10:05 | Create | Villager (Male) |
| 10:06 | Create | Villager (Male) |
| 10:06 | Create | Villager (Male) |
| 10:06 | Create | Villager (Male) |
| 10:06 | Create | Villager (Male) |
| 10:07 | Create | Villager (Male) |
| 10:07 | Create | Villager (Male) |
| 10:07 | Create | Villager (Male) |
| 10:46 | Create | Villager (Male) |
| 10:54 | Create | Villager (Male) |
| 11:00 | Create | Villager (Male) |
| 11:02 | Create | Villager (Male) |
| 11:09 | Create | Villager (Male) |
| 11:10 | Create | Villager (Male) |
| 11:10 | Create | Villager (Male) |
| 11:20 | Age | Feudal Age |
| 11:37 | Build | Mining Camp |
| 12:01 | Build | Market |
| 12:17 | Build | Market |
| 12:48 | Research | Double-Bit Axe |
| 13:20 | Build | Farm |
| 13:21 | Build | Farm |
| 13:23 | Build | Farm |
| 14:00 | Build | Farm |
| 14:02 | Build | Farm |
| 14:03 | Build | Farm |
| 14:07 | Build | Farm |
| 14:24 | Create | Villager (Male) |
| 14:24 | Create | Villager (Male) |
| 14:25 | Create | Villager (Male) |
| 14:25 | Create | Villager (Male) |
| 14:25 | Create | Villager (Male) |
| 14:26 | Create | Villager (Male) |
| 14:50 | Build | Farm |
| 14:54 | Build | Farm |
| 14:56 | Build | Farm |
| 14:57 | Build | Farm |
| 14:58 | Build | Farm |
| 15:04 | Build | Farm |
| 15:36 | Build | Farm |
| 15:38 | Build | Farm |
| 15:40 | Build | Farm |
| 15:41 | Build | Farm |
| 15:43 | Build | Farm |
| 15:57 | Create | Villager (Male) |
| 16:03 | Research | Horse Collar |
| 18:17 | Research | Gold Mining |
| 18:34 | Research | Wheelbarrow |
| 18:43 | Build | Farm |
| 19:14 | Build | Blacksmith |
| 19:29 | Create | Trade Cart |
| 19:30 | Create | Trade Cart |
| 19:30 | Create | Trade Cart |
| 19:30 | Create | Trade Cart |
| 19:30 | Create | Trade Cart |
| 19:31 | Create | Trade Cart |
| 20:13 | Research | Castle Age |
| 20:13 | Research | Castle Age |
| 20:29 | Research | Fletching |
| 20:45 | Build | House |
| 20:47 | Build | House |
| 20:49 | Build | House |
| 20:50 | Build | House |
| 20:52 | Build | House |
| 20:53 | Build | House |
| 20:54 | Build | House |
| 20:56 | Build | House |
| 20:57 | Build | House |
| 20:59 | Build | House |
| 21:00 | Build | House |
| 21:01 | Build | House |
| 21:03 | Build | House |
| 23:35 | Age | Castle Age |
| 23:47 | Build | Castle |
| 24:38 | Create | Villager (Male) |
| 25:15 | Research | Yeomen |
| 25:25 | Create | Villager (Male) |
| 25:25 | Create | Villager (Male) |
| 25:26 | Create | Villager (Male) |
| 25:26 | Create | Villager (Male) |
| 25:26 | Create | Villager (Male) |
| 25:27 | Create | Villager (Male) |
| 25:27 | Create | Villager (Male) |
| 25:27 | Create | Villager (Male) |
| 25:37 | Build | Town Center |
| 25:44 | Research | Heavy Plow |
| 25:48 | Research | Bow Saw |
| 25:52 | Research | Gold Shaft Mining |
| 25:53 | Research | Stone Mining |
| 26:01 | Research | Bodkin Arrow |
| 26:02 | Research | Padded Archer Armor |
| 26:13 | Create | Longbowman |
| 26:20 | Create | Longbowman |
| 26:23 | Create | Longbowman |
| 26:23 | Create | Longbowman |
| 26:23 | Create | Longbowman |
| 26:49 | Build | University |
| 26:51 | Create | Longbowman |
| 26:52 | Create | Longbowman |
| 26:52 | Create | Longbowman |
| 27:10 | Research | Hand Cart |
| 27:12 | Research | Town Watch |
| 27:56 | Research | Ballistics |
| 27:57 | Research | Heated Shot |
| 28:14 | Create | Longbowman |
| 28:14 | Create | Longbowman |
| 28:14 | Create | Longbowman |
| 28:15 | Create | Longbowman |
Build order — atouminou
First 150 of 586 actions detected
| 0:03 | Create | Villager (Male) |
| 0:04 | Create | Villager (Male) |
| 0:04 | Create | Villager (Male) |
| 0:04 | Create | Villager (Male) |
| 0:07 | Build | House |
| 0:12 | Build | House |
| 1:31 | Create | Villager (Male) |
| 2:07 | Create | Villager (Male) |
| 2:32 | Create | Villager (Male) |
| 2:55 | Build | Lumber Camp |
| 2:57 | Create | Villager (Male) |
| 2:57 | Create | Villager (Male) |
| 3:18 | Build | House |
| 3:19 | Build | House |
| 3:23 | Create | Villager (Male) |
| 4:10 | Create | Villager (Male) |
| 4:11 | Create | Villager (Male) |
| 4:27 | Research | Loom |
| 5:15 | Create | Villager (Male) |
| 5:16 | Create | Villager (Male) |
| 5:16 | Create | Villager (Male) |
| 5:16 | Create | Villager (Male) |
| 5:40 | Create | Villager (Male) |
| 6:42 | Build | Mill |
| 6:45 | Create | Villager (Male) |
| 6:46 | Create | Villager (Male) |
| 6:57 | Build | Mill |
| 7:00 | Create | Villager (Male) |
| 8:03 | Create | Villager (Male) |
| 8:36 | Research | Loom |
| 8:58 | Create | Villager (Male) |
| 9:19 | Research | Feudal Age |
| 9:33 | Build | Mining Camp |
| 9:44 | Build | Barracks |
| 11:12 | Build | Donjon |
| 11:19 | Create | Villager (Male) |
| 11:20 | Create | Villager (Male) |
| 11:20 | Create | Villager (Male) |
| 11:32 | Build | House |
| 11:33 | Build | House |
| 11:34 | Build | House |
| 11:36 | Age | Feudal Age |
| 12:08 | Build | Farm |
| 12:08 | Build | Farm |
| 12:08 | Build | Farm |
| 12:08 | Build | Farm |
| 12:10 | Build | Farm |
| 12:14 | Research | Double-Bit Axe |
| 12:30 | Create | Villager (Male) |
| 12:46 | Research | Horse Collar |
| 13:04 | Create | Villager (Male) |
| 13:18 | Build | Lumber Camp |
| 13:30 | Create | Villager (Male) |
| 13:39 | Build | House |
| 14:00 | Build | Blacksmith |
| 14:04 | Create | Villager (Male) |
| 14:23 | Build | Farm |
| 14:23 | Build | Farm |
| 14:28 | Build | Farm |
| 14:37 | Build | Farm |
| 14:42 | Build | Farm |
| 15:17 | Build | Archery Range |
| 15:22 | Create | Villager (Male) |
| 16:01 | Build | Mining Camp |
| 16:30 | Research | Castle Age |
| 17:31 | Build | Donjon |
| 19:00 | Build | Stable |
| 19:05 | Create | Villager (Male) |
| 19:05 | Create | Villager (Male) |
| 19:06 | Create | Villager (Male) |
| 19:09 | Age | Castle Age |
| 19:12 | Research | Stone Mining |
| 19:13 | Research | Gold Mining |
| 19:16 | Research | Heavy Plow |
| 19:33 | Research | Bow Saw |
| 19:43 | Build | Monastery |
| 20:06 | Build | Town Center |
| 20:15 | Build | Town Center |
| 20:31 | Create | Monk |
| 20:45 | Build | University |
| 20:51 | Build | House |
| 20:52 | Build | House |
| 20:55 | Create | Villager (Male) |
| 20:56 | Create | Villager (Male) |
| 20:58 | Create | Villager (Male) |
| 21:06 | Build | Farm |
| 21:06 | Build | Farm |
| 21:07 | Build | Farm |
| 21:08 | Build | Farm |
| 21:12 | Build | Farm |
| 21:15 | Create | Villager (Male) |
| 21:15 | Create | Villager (Male) |
| 21:15 | Create | Villager (Male) |
| 21:28 | Create | Villager (Male) |
| 21:28 | Create | Villager (Male) |
| 22:02 | Create | Serjeant |
| 22:03 | Create | Serjeant |
| 22:03 | Create | Serjeant |
| 22:27 | Build | Farm |
| 22:27 | Build | Farm |
| 22:33 | Create | Serjeant ×2 |
| 22:33 | Create | Serjeant ×2 |
| 22:49 | Create | Serjeant |
| 22:49 | Create | Serjeant |
| 23:04 | Create | Serjeant |
| 23:04 | Create | Serjeant |
| 23:08 | Create | Serjeant |
| 23:08 | Create | Serjeant |
| 23:33 | Research | Scale Mail Armor |
| 23:41 | Create | Villager (Male) |
| 23:50 | Build | Farm |
| 23:50 | Build | Farm |
| 23:50 | Build | Farm |
| 23:51 | Build | Farm |
| 23:51 | Build | Farm |
| 23:51 | Build | Farm |
| 23:51 | Build | Farm |
| 23:51 | Build | Farm |
| 23:54 | Create | Villager (Male) |
| 23:54 | Create | Villager (Male) |
| 24:01 | Create | Villager (Male) |
| 24:33 | Build | Donjon |
| 24:43 | Research | Forging |
| 24:56 | Create | Villager (Male) |
| 24:56 | Create | Villager (Male) |
| 24:57 | Create | Villager (Male) |
| 24:58 | Create | Villager (Male) |
| 25:05 | Build | Farm |
| 25:05 | Build | Farm |
| 25:11 | Build | Farm |
| 25:11 | Build | Farm |
| 25:15 | Build | Farm |
| 25:30 | Research | Fletching |
| 25:36 | Create | Villager (Male) |
| 25:36 | Create | Villager (Male) |
| 25:36 | Create | Villager (Male) |
| 25:36 | Create | Villager (Male) |
| 25:37 | Create | Villager (Male) |
| 25:44 | Build | Mill |
| 25:48 | Build | Farm |
| 25:48 | Build | Farm |
| 25:48 | Build | Farm |
| 26:14 | Build | Donjon |
| 26:37 | Build | Farm |
| 26:37 | Build | Farm |
| 26:37 | Build | Farm |
| 26:40 | Research | Murder Holes |
| 26:46 | Create | Villager (Male) |
| 26:47 | Create | Villager (Male) |
| 26:47 | Create | Villager (Male) |
Build order — Pheonix028
First 150 of 559 actions detected
| 0:05 | Create | Villager (Male) |
| 0:05 | Create | Villager (Male) |
| 0:05 | Create | Villager (Male) |
| 0:05 | Create | Villager (Male) |
| 0:06 | Create | Villager (Male) |
| 0:14 | Build | House |
| 0:16 | Build | House |
| 0:24 | Build | Mill |
| 0:45 | Build | House |
| 2:11 | Create | Villager (Male) |
| 2:37 | Research | Loom |
| 2:44 | Create | Villager (Male) |
| 2:44 | Create | Villager (Male) |
| 3:58 | Create | Villager (Male) |
| 3:59 | Create | Villager (Male) |
| 3:59 | Create | Villager (Male) |
| 3:59 | Create | Villager (Male) |
| 4:10 | Create | Villager (Male) |
| 4:10 | Create | Villager (Male) |
| 5:18 | Create | Villager (Male) |
| 5:18 | Create | Villager (Male) |
| 5:18 | Create | Villager (Male) |
| 5:18 | Create | Villager (Male) |
| 5:18 | Create | Villager (Male) |
| 6:21 | Create | Villager (Male) |
| 6:21 | Create | Villager (Male) |
| 6:21 | Create | Villager (Male) |
| 6:21 | Create | Villager (Male) |
| 6:55 | Create | Villager (Male) |
| 6:55 | Create | Villager (Male) |
| 7:28 | Create | Villager (Male) |
| 7:28 | Create | Villager (Male) |
| 7:33 | Build | House |
| 7:34 | Build | House |
| 7:48 | Create | Villager (Male) |
| 7:49 | Create | Villager (Male) |
| 7:49 | Create | Villager (Male) |
| 8:12 | Build | House |
| 8:13 | Build | House |
| 8:39 | Create | Villager (Male) |
| 8:39 | Create | Villager (Male) |
| 8:39 | Create | Villager (Male) |
| 8:39 | Create | Villager (Male) |
| 8:56 | Build | Lumber Camp |
| 9:16 | Create | Villager (Male) |
| 9:16 | Create | Villager (Male) |
| 9:47 | Create | Villager (Male) |
| 9:47 | Create | Villager (Male) |
| 10:11 | Research | Feudal Age |
| 10:29 | Create | Villager (Male) |
| 10:29 | Create | Villager (Male) |
| 10:29 | Create | Villager (Male) |
| 10:40 | Build | Mining Camp |
| 11:16 | Create | Villager (Male) |
| 11:17 | Create | Villager (Male) |
| 11:17 | Create | Villager (Male) |
| 11:43 | Build | Farm |
| 11:50 | Create | Villager (Male) |
| 11:50 | Create | Villager (Male) |
| 11:50 | Create | Villager (Male) |
| 12:21 | Age | Feudal Age |
| 12:30 | Build | Blacksmith |
| 12:36 | Build | Farm |
| 12:37 | Research | Horse Collar |
| 12:55 | Create | Villager (Male) |
| 12:56 | Create | Villager (Male) |
| 12:56 | Create | Villager (Male) |
| 12:56 | Create | Villager (Male) |
| 13:15 | Research | Double-Bit Axe |
| 13:27 | Research | Gold Mining |
| 13:45 | Build | Farm |
| 13:54 | Create | Villager (Male) |
| 13:54 | Create | Villager (Male) |
| 14:12 | Create | Villager (Male) |
| 14:25 | Build | Siege Workshop |
| 14:58 | Create | Villager (Male) |
| 14:58 | Create | Villager (Male) |
| 14:58 | Create | Villager (Male) |
| 15:05 | Build | Farm |
| 15:11 | Build | Farm |
| 15:41 | Create | Villager (Male) |
| 15:41 | Create | Villager (Male) |
| 15:46 | Build | Farm |
| 16:05 | Create | Villager (Male) |
| 16:05 | Create | Villager (Male) |
| 16:06 | Create | Villager (Male) |
| 16:13 | Build | Farm |
| 16:17 | Build | Farm |
| 16:25 | Create | Battering Ram |
| 16:39 | Build | Barracks |
| 16:59 | Create | Villager (Male) |
| 17:00 | Create | Villager (Male) |
| 17:16 | Create | Battering Ram |
| 17:20 | Create | Militia |
| 17:21 | Create | Militia |
| 17:21 | Create | Militia |
| 17:36 | Create | Spearman |
| 17:36 | Create | Spearman |
| 17:37 | Create | Spearman |
| 17:45 | Build | House |
| 17:46 | Build | House |
| 17:48 | Build | House |
| 17:55 | Create | Villager (Male) |
| 17:55 | Create | Villager (Male) |
| 17:55 | Create | Villager (Male) |
| 18:01 | Create | Spearman |
| 18:01 | Create | Spearman |
| 18:01 | Create | Spearman |
| 18:08 | Create | Battering Ram |
| 18:24 | Create | Villager (Male) |
| 18:24 | Create | Villager (Male) |
| 18:41 | Build | Farm |
| 18:46 | Build | Farm |
| 18:56 | Create | Militia |
| 18:56 | Create | Militia |
| 18:56 | Create | Militia |
| 18:59 | Create | Battering Ram |
| 19:17 | Build | Mining Camp |
| 19:32 | Create | Militia |
| 19:32 | Create | Militia |
| 19:47 | Create | Battering Ram |
| 19:49 | Create | Militia |
| 19:49 | Create | Militia |
| 19:58 | Create | Villager (Male) |
| 19:58 | Create | Villager (Male) |
| 20:06 | Build | Farm |
| 20:08 | Build | House |
| 20:11 | Build | House |
| 20:12 | Build | House |
| 20:24 | Create | Militia |
| 20:24 | Create | Militia |
| 20:41 | Build | House |
| 20:57 | Build | House |
| 20:58 | Build | House |
| 21:05 | Build | Farm |
| 21:05 | Build | Farm |
| 21:05 | Build | Farm |
| 21:06 | Build | Farm |
| 21:06 | Build | Farm |
| 21:06 | Build | Farm |
| 21:28 | Build | Barracks |
| 21:30 | Create | Militia |
| 21:30 | Create | Militia |
| 21:30 | Create | Militia |
| 21:30 | Create | Militia |
| 21:31 | Create | Militia |
| 21:51 | Create | Villager (Male) |
| 21:56 | Create | Spearman |
| 21:57 | Create | Spearman |
| 22:11 | Create | Spearman |
Build order — DarkEater
First 150 of 914 actions detected
| 0:02 | Create | Villager (Male) |
| 0:02 | Create | Villager (Male) |
| 0:03 | Build | House |
| 0:04 | Build | House |
| 0:21 | Create | Villager (Male) |
| 0:21 | Create | Villager (Male) |
| 0:22 | Create | Villager (Male) |
| 1:41 | Create | Villager (Male) |
| 1:41 | Create | Villager (Male) |
| 1:47 | Create | Villager (Male) |
| 1:48 | Create | Villager (Male) |
| 2:14 | Build | Lumber Camp |
| 2:36 | Create | Villager (Male) |
| 2:36 | Create | Villager (Male) |
| 3:02 | Create | Villager (Male) |
| 3:03 | Create | Villager (Male) |
| 3:17 | Create | Villager (Male) |
| 3:17 | Create | Villager (Male) |
| 3:31 | Build | House |
| 3:33 | Build | House |
| 3:56 | Create | Villager (Male) |
| 3:56 | Create | Villager (Male) |
| 4:27 | Create | Villager (Male) |
| 4:44 | Create | Villager (Male) |
| 4:44 | Create | Villager (Male) |
| 5:11 | Create | Villager (Male) |
| 5:11 | Create | Villager (Male) |
| 6:40 | Create | Villager (Male) |
| 6:40 | Create | Villager (Male) |
| 6:40 | Create | Villager (Male) |
| 6:40 | Create | Villager (Male) |
| 6:41 | Create | Villager (Male) |
| 6:41 | Create | Villager (Male) |
| 6:41 | Create | Villager (Male) |
| 7:59 | Build | Mill |
| 8:41 | Research | Feudal Age |
| 9:40 | Build | Farm |
| 9:42 | Build | Farm |
| 9:44 | Build | Farm |
| 9:55 | Build | Mining Camp |
| 10:42 | Build | House |
| 10:43 | Build | House |
| 11:20 | Age | Feudal Age |
| 11:22 | Research | Horse Collar |
| 11:24 | Research | Double-Bit Axe |
| 11:27 | Research | Gold Mining |
| 11:32 | Create | Villager (Male) |
| 11:32 | Create | Villager (Male) |
| 11:54 | Build | Market |
| 12:06 | Build | Market |
| 12:13 | Build | Blacksmith |
| 12:49 | Build | Farm |
| 13:14 | Build | Farm |
| 13:15 | Build | Farm |
| 13:16 | Build | Farm |
| 13:19 | Create | Villager (Male) |
| 13:25 | Build | Farm |
| 13:26 | Build | Farm |
| 13:57 | Build | Farm |
| 14:02 | Create | Villager (Male) |
| 14:02 | Create | Villager (Male) |
| 14:59 | Build | Farm |
| 15:03 | Create | Villager (Male) |
| 15:04 | Create | Villager (Male) |
| 15:25 | Create | Trade Cart |
| 15:36 | Build | Farm |
| 15:49 | Build | Farm |
| 15:50 | Build | Farm |
| 15:51 | Build | Farm |
| 15:52 | Build | Farm |
| 16:05 | Research | Castle Age |
| 17:05 | Build | Barracks |
| 18:22 | Build | Stable |
| 18:30 | Research | Fletching |
| 18:30 | Research | Scale Barding Armor |
| 18:45 | Age | Castle Age |
| 18:48 | Build | Town Center |
| 18:51 | Research | Heavy Plow |
| 18:53 | Research | Wheelbarrow |
| 18:55 | Research | Bow Saw |
| 19:47 | Create | Villager (Male) |
| 19:47 | Create | Villager (Male) |
| 19:48 | Create | Villager (Male) |
| 19:48 | Create | Villager (Male) |
| 19:48 | Create | Villager (Male) |
| 19:55 | Create | Villager (Male) |
| 19:56 | Create | Villager (Male) |
| 19:56 | Create | Villager (Male) |
| 20:03 | Build | Archery Range |
| 20:11 | Create | Trade Cart |
| 20:22 | Research | Husbandry |
| 20:28 | Build | Farm |
| 20:52 | Build | Farm |
| 20:56 | Create | Battle Elephant |
| 21:11 | Build | House |
| 21:11 | Build | House |
| 21:12 | Build | House |
| 21:13 | Build | House |
| 21:14 | Build | House |
| 21:18 | Create | Skirmisher |
| 21:22 | Create | Battle Elephant |
| 21:42 | Build | Farm |
| 21:43 | Build | Farm |
| 21:51 | Create | Skirmisher |
| 21:54 | Create | Battle Elephant |
| 22:11 | Create | Battle Elephant |
| 22:13 | Create | Villager (Male) |
| 22:14 | Create | Villager (Male) |
| 22:19 | Build | Farm |
| 22:22 | Create | Villager (Male) |
| 22:22 | Create | Villager (Male) |
| 22:37 | Create | Battle Elephant |
| 22:39 | Create | Skirmisher |
| 23:12 | Build | Farm |
| 23:22 | Build | Mining Camp |
| 23:26 | Create | Villager (Male) |
| 23:26 | Create | Villager (Male) |
| 23:27 | Create | Villager (Male) |
| 23:27 | Create | Villager (Male) |
| 23:27 | Create | Villager (Male) |
| 23:28 | Create | Villager (Male) |
| 23:32 | Build | House |
| 23:33 | Build | House |
| 23:35 | Build | House |
| 23:35 | Build | House |
| 23:36 | Build | House |
| 24:02 | Research | Bodkin Arrow |
| 24:59 | Create | Battle Elephant |
| 24:59 | Create | Battle Elephant |
| 24:59 | Create | Battle Elephant |
| 25:00 | Create | Battle Elephant |
| 25:00 | Create | Battle Elephant |
| 25:00 | Create | Battle Elephant |
| 25:19 | Research | Forging |
| 26:24 | Build | Farm |
| 26:32 | Build | Town Center |
| 26:51 | Create | Villager (Male) |
| 26:51 | Create | Villager (Male) |
| 26:51 | Create | Villager (Male) |
| 26:52 | Create | Villager (Male) |
| 26:52 | Create | Villager (Male) |
| 26:52 | Create | Villager (Male) |
| 26:52 | Create | Villager (Male) |
| 27:02 | Build | Town Center |
| 27:08 | Research | Caravan |
| 27:28 | Research | Chain Barding Armor |
| 27:33 | Research | Elite Skirmisher (upgrade) |
| 27:35 | Create | Villager (Male) |
| 27:35 | Create | Villager (Male) |
| 28:34 | Create | Villager (Male) |
Build order — 无名之辈2
First 150 of 1327 actions detected
| 0:06 | Build | House |
| 0:10 | Build | House |
| 0:19 | Create | Villager (Male) |
| 0:19 | Create | Villager (Male) |
| 0:19 | Create | Villager (Male) |
| 1:30 | Create | Villager (Male) |
| 1:56 | Create | Villager (Male) |
| 2:26 | Create | Villager (Male) |
| 3:09 | Build | Mule Cart |
| 3:15 | Create | Villager (Male) |
| 3:16 | Create | Villager (Male) |
| 3:16 | Create | Villager (Male) |
| 4:19 | Create | Villager (Male) |
| 4:38 | Create | Villager (Male) |
| 4:44 | Build | House |
| 5:15 | Create | Villager (Male) |
| 5:26 | Create | Villager (Male) |
| 5:51 | Build | Mill |
| 5:53 | Create | Villager (Male) |
| 6:06 | Create | Villager (Male) |
| 6:55 | Create | Villager (Male) |
| 7:14 | Create | Villager (Male) |
| 7:24 | Build | House |
| 7:34 | Create | Villager (Male) |
| 8:01 | Create | Villager (Male) |
| 8:29 | Build | House |
| 8:33 | Create | Villager (Male) |
| 8:47 | Build | Mule Cart |
| 9:17 | Research | Feudal Age |
| 9:45 | Build | Farm |
| 10:19 | Build | Farm |
| 10:23 | Build | Farm |
| 11:02 | Create | Villager (Male) |
| 11:02 | Create | Villager (Male) |
| 11:38 | Age | Feudal Age |
| 11:51 | Build | Market |
| 12:25 | Create | Villager (Male) |
| 12:43 | Build | Blacksmith |
| 13:20 | Research | Castle Age |
| 13:39 | Build | House |
| 13:40 | Build | House |
| 13:56 | Create | Villager (Male) |
| 13:56 | Create | Villager (Male) |
| 13:58 | Build | Farm |
| 14:00 | Build | Farm |
| 14:59 | Build | Mule Cart |
| 15:02 | Research | Double-Bit Axe |
| 16:00 | Age | Castle Age |
| 16:04 | Build | Town Center |
| 16:28 | Build | Town Center |
| 16:35 | Create | Villager (Male) |
| 16:47 | Build | House |
| 16:48 | Build | House |
| 17:23 | Build | Farm |
| 17:25 | Create | Villager (Male) |
| 17:25 | Create | Villager (Male) |
| 17:39 | Research | Horse Collar |
| 17:41 | Create | Villager (Male) |
| 17:44 | Build | Farm |
| 17:46 | Create | Villager (Male) |
| 17:50 | Create | Villager (Male) |
| 18:07 | Create | Villager (Male) |
| 18:12 | Build | Farm |
| 18:20 | Build | Farm |
| 18:28 | Create | Villager (Male) |
| 18:28 | Create | Villager (Male) |
| 18:38 | Build | Farm |
| 18:42 | Create | Villager (Male) |
| 18:48 | Create | Villager (Male) |
| 19:01 | Build | Farm |
| 19:02 | Create | Villager (Male) |
| 19:10 | Create | Villager (Male) |
| 19:14 | Create | Villager (Male) |
| 19:16 | Build | Farm |
| 19:22 | Build | Farm |
| 19:34 | Create | Villager (Male) |
| 19:45 | Build | Farm |
| 19:50 | Create | Villager (Male) |
| 19:54 | Create | Villager (Male) |
| 20:04 | Build | Farm |
| 20:07 | Create | Villager (Male) |
| 20:10 | Create | Villager (Male) |
| 20:23 | Build | Farm |
| 20:25 | Create | Villager (Male) |
| 20:28 | Create | Villager (Male) |
| 20:35 | Build | Farm |
| 20:40 | Create | Villager (Male) |
| 20:47 | Research | Gold Mining |
| 20:58 | Build | Farm |
| 21:02 | Create | Villager (Male) |
| 21:05 | Build | Farm |
| 21:13 | Create | Villager (Male) |
| 21:18 | Create | Villager (Male) |
| 21:22 | Create | Villager (Male) |
| 21:27 | Build | Farm |
| 21:31 | Build | Farm |
| 21:32 | Create | Villager (Male) |
| 21:43 | Build | Farm |
| 22:05 | Build | Town Center |
| 22:16 | Build | House |
| 22:17 | Build | House |
| 22:18 | Build | House |
| 22:18 | Build | House |
| 22:20 | Create | Villager (Male) |
| 22:32 | Create | Villager (Male) |
| 22:34 | Create | Villager (Male) |
| 22:37 | Create | Villager (Male) |
| 22:57 | Build | Monastery |
| 23:02 | Build | Farm |
| 23:07 | Build | Farm |
| 23:10 | Build | Farm |
| 23:12 | Create | Villager (Male) |
| 23:14 | Create | Villager (Male) |
| 23:15 | Create | Villager (Male) |
| 23:19 | Build | Farm |
| 23:31 | Create | Villager (Male) |
| 23:38 | Create | Villager (Male) |
| 23:44 | Build | Farm |
| 23:51 | Build | Farm |
| 23:57 | Create | Warrior Priest |
| 23:57 | Create | Warrior Priest |
| 24:00 | Create | Warrior Priest |
| 24:05 | Build | Farm |
| 24:09 | Build | House |
| 24:11 | Build | House |
| 24:11 | Build | House |
| 24:12 | Build | House |
| 24:16 | Build | Farm |
| 24:17 | Build | Farm |
| 24:18 | Create | Villager (Male) |
| 24:22 | Build | Farm |
| 24:24 | Create | Villager (Male) |
| 24:26 | Research | Wheelbarrow |
| 24:28 | Create | Villager (Male) |
| 24:29 | Create | Villager (Male) |
| 24:45 | Build | Farm |
| 24:47 | Create | Villager (Male) |
| 24:50 | Build | House |
| 24:50 | Build | House |
| 24:52 | Build | House |
| 24:52 | Build | House |
| 25:03 | Build | Farm |
| 25:05 | Create | Villager (Male) |
| 25:06 | Create | Villager (Male) |
| 25:07 | Create | Villager (Male) |
| 25:34 | Build | Farm |
| 25:37 | Build | Farm |
| 25:39 | Build | Farm |
| 25:42 | Create | Villager (Male) |
| 25:43 | Create | Villager (Male) |
Build order — vibereg
First 150 of 368 actions detected
| 0:11 | Create | Villager (Male) |
| 0:11 | Create | Villager (Male) |
| 0:12 | Create | Villager (Male) |
| 0:13 | Build | House |
| 0:15 | Build | House |
| 1:06 | Create | Villager (Male) |
| 1:33 | Create | Villager (Male) |
| 2:03 | Build | Lumber Camp |
| 2:21 | Create | Villager (Male) |
| 3:11 | Create | Villager (Male) |
| 4:26 | Build | Mill |
| 4:33 | Create | Villager (Male) |
| 4:33 | Create | Villager (Male) |
| 4:33 | Create | Villager (Male) |
| 5:36 | Create | Villager (Male) |
| 5:36 | Create | Villager (Male) |
| 5:54 | Build | Mill |
| 6:21 | Create | Villager (Male) |
| 6:22 | Create | Villager (Male) |
| 6:26 | Build | House |
| 6:51 | Create | Villager (Male) |
| 7:28 | Create | Villager (Male) |
| 7:45 | Build | Lumber Camp |
| 7:52 | Build | House |
| 8:26 | Create | Villager (Male) |
| 8:58 | Create | Villager (Male) |
| 9:11 | Create | Villager (Male) |
| 9:11 | Create | Villager (Male) |
| 9:50 | Create | Villager (Male) |
| 9:56 | Build | Mining Camp |
| 10:19 | Research | Feudal Age |
| 10:51 | Build | House |
| 11:19 | Build | Barracks |
| 11:44 | Build | Farm |
| 11:44 | Build | Farm |
| 12:04 | Build | House |
| 12:18 | Build | Farm |
| 12:22 | Build | Farm |
| 12:47 | Create | Villager (Male) |
| 12:54 | Build | Blacksmith |
| 13:14 | Create | Villager (Male) |
| 13:25 | Build | Market |
| 13:49 | Build | Farm |
| 13:51 | Create | Villager (Male) |
| 14:17 | Build | Farm |
| 14:20 | Build | Farm |
| 14:53 | Research | Castle Age |
| 14:53 | Research | Castle Age |
| 15:10 | Build | Archery Range |
| 16:14 | Build | Stable |
| 16:17 | Research | Double-Bit Axe |
| 16:21 | Research | Gold Mining |
| 16:50 | Create | Skirmisher |
| 16:50 | Create | Skirmisher |
| 16:58 | Research | Fletching |
| 17:47 | Create | Villager (Male) |
| 17:47 | Create | Villager (Male) |
| 17:48 | Create | Villager (Male) |
| 17:48 | Create | Villager (Male) |
| 18:01 | Build | Town Center |
| 18:21 | Build | Farm |
| 18:21 | Build | Farm |
| 18:21 | Build | Farm |
| 18:21 | Build | Farm |
| 18:21 | Build | Farm |
| 18:22 | Build | Farm |
| 18:55 | Build | Farm |
| 19:10 | Create | Villager (Male) |
| 19:10 | Create | Villager (Male) |
| 19:10 | Create | Villager (Male) |
| 19:11 | Create | Villager (Male) |
| 19:11 | Create | Villager (Male) |
| 19:21 | Create | Villager (Male) |
| 19:22 | Create | Villager (Male) |
| 19:26 | Build | Farm |
| 19:59 | Create | Villager (Male) |
| 19:59 | Create | Villager (Male) |
| 20:08 | Research | Elite Skirmisher (upgrade) |
| 20:25 | Research | Pikeman (upgrade) |
| 20:34 | Build | House |
| 20:35 | Build | House |
| 20:36 | Build | House |
| 20:37 | Build | House |
| 21:20 | Create | Skirmisher ×2 |
| 21:21 | Create | Skirmisher ×2 |
| 21:33 | Create | Spearman |
| 21:37 | Create | Spearman |
| 21:46 | Create | Knight ×4 |
| 24:05 | Build | House |
| 24:19 | Build | Stable |
| 24:21 | Build | Stable |
| 24:35 | Build | Archery Range |
| 24:36 | Build | Archery Range |
| 25:39 | Build | Farm |
| 25:41 | Build | Farm |
| 27:16 | Build | Gate |
| 28:04 | Build | Farm |
| 28:04 | Build | Farm |
| 28:04 | Build | Farm |
| 28:04 | Build | Farm |
| 28:17 | Create | Villager (Male) |
| 28:18 | Create | Villager (Male) |
| 28:18 | Create | Villager (Male) |
| 28:18 | Create | Villager (Male) |
| 28:19 | Create | Villager (Male) |
| 28:20 | Create | Villager (Male) |
| 28:20 | Create | Villager (Male) |
| 28:21 | Create | Villager (Male) |
| 28:36 | Create | Villager (Male) |
| 28:37 | Create | Villager (Male) |
| 28:48 | Build | Town Center |
| 28:54 | Research | Stone Mining |
| 28:58 | Research | Bow Saw |
| 29:01 | Research | Horse Collar |
| 29:37 | Build | Blacksmith |
| 29:58 | Create | Villager (Male) |
| 29:58 | Create | Villager (Male) |
| 30:00 | Create | Villager (Male) |
| 30:04 | Create | Villager (Male) |
| 30:04 | Create | Villager (Male) |
| 30:04 | Create | Villager (Male) |
| 30:05 | Create | Villager (Male) |
| 30:05 | Create | Villager (Male) |
| 30:16 | Build | University |
| 30:57 | Build | House |
| 30:59 | Build | House |
| 31:00 | Build | House |
| 31:00 | Build | House |
| 31:02 | Build | House |
| 31:03 | Build | House |
| 31:04 | Build | House |
| 31:04 | Build | House |
| 31:25 | Create | Villager (Male) |
| 31:25 | Create | Villager (Male) |
| 31:25 | Create | Villager (Male) |
| 31:25 | Create | Villager (Male) |
| 31:26 | Create | Villager (Male) |
| 31:29 | Create | Villager (Male) |
| 31:29 | Create | Villager (Male) |
| 31:30 | Create | Villager (Male) |
| 31:30 | Create | Villager (Male) |
| 31:39 | Create | Villager (Male) |
| 31:39 | Create | Villager (Male) |
| 31:43 | Create | Villager (Male) |
| 31:43 | Create | Villager (Male) |
| 31:55 | Build | Barracks |
| 32:12 | Research | Wheelbarrow |
| 32:38 | Research | Stone Shaft Mining |
| 32:55 | Build | Farm |
| 33:25 | Create | Skirmisher ×5 |
Build order — Tycode
First 150 of 451 actions detected
| 0:02 | Create | Villager (Male) |
| 0:03 | Create | Villager (Male) |
| 0:03 | Create | Villager (Male) |
| 0:03 | Create | Villager (Male) |
| 0:03 | Create | Villager (Male) |
| 0:06 | Build | House |
| 0:10 | Build | House |
| 2:13 | Create | Villager (Male) |
| 2:14 | Create | Villager (Male) |
| 2:14 | Create | Villager (Male) |
| 2:28 | Build | Lumber Camp |
| 2:33 | Create | Villager (Male) |
| 2:33 | Create | Villager (Male) |
| 3:22 | Create | Villager (Male) |
| 3:31 | Create | Villager (Male) |
| 3:54 | Create | Villager (Male) |
| 4:29 | Build | Mill |
| 4:32 | Create | Villager (Male) |
| 5:07 | Create | Villager (Male) |
| 5:17 | Build | House |
| 5:28 | Create | Villager (Male) |
| 5:40 | Build | House |
| 5:58 | Create | Villager (Male) |
| 6:53 | Create | Villager (Male) |
| 7:00 | Create | Villager (Male) |
| 7:20 | Build | Lumber Camp |
| 7:53 | Create | Villager (Male) |
| 7:53 | Create | Villager (Male) |
| 8:06 | Create | Villager (Male) |
| 8:42 | Build | House |
| 9:28 | Research | Feudal Age |
| 9:29 | Research | Feudal Age |
| 11:20 | Create | Villager (Male) |
| 11:24 | Create | Villager (Male) |
| 11:27 | Create | Villager (Male) |
| 11:38 | Age | Feudal Age |
| 11:58 | Build | Mining Camp |
| 12:06 | Build | Market |
| 12:14 | Build | Blacksmith |
| 12:48 | Create | Villager (Male) |
| 13:09 | Create | Villager (Male) |
| 13:11 | Research | Double-Bit Axe |
| 13:58 | Build | House |
| 13:59 | Build | House |
| 14:30 | Research | Castle Age |
| 14:48 | Build | Barracks |
| 15:03 | Research | Horse Collar |
| 15:09 | Build | Farm |
| 15:09 | Build | Farm |
| 15:12 | Create | Villager (Male) |
| 15:13 | Create | Villager (Male) |
| 15:20 | Build | House |
| 15:21 | Build | House |
| 15:43 | Create | Militia |
| 15:44 | Create | Militia |
| 15:55 | Build | Farm |
| 15:55 | Build | Farm |
| 15:55 | Build | Farm |
| 15:56 | Build | Farm |
| 15:56 | Build | Farm |
| 15:56 | Build | Farm |
| 16:23 | Create | Militia |
| 16:28 | Build | House |
| 16:29 | Build | House |
| 16:51 | Build | Farm |
| 16:51 | Build | Farm |
| 17:10 | Age | Castle Age |
| 17:25 | Build | Town Center |
| 17:31 | Build | House |
| 18:04 | Create | Militia |
| 18:05 | Create | Militia |
| 18:09 | Research | Man-at-Arms (upgrade) |
| 18:11 | Create | Militia |
| 18:14 | Research | Scale Mail Armor |
| 18:21 | Create | Villager (Male) |
| 18:21 | Create | Villager (Male) |
| 18:29 | Create | Villager (Male) |
| 18:35 | Build | Farm |
| 19:03 | Create | Militia |
| 19:04 | Create | Militia |
| 19:10 | Create | Villager (Male) |
| 19:11 | Create | Villager (Male) |
| 19:17 | Create | Villager (Male) |
| 19:27 | Create | Villager (Male) |
| 19:52 | Build | Farm |
| 20:00 | Build | Farm |
| 20:12 | Build | Farm |
| 20:16 | Build | Mill |
| 20:19 | Create | Villager (Male) |
| 20:19 | Create | Villager (Male) |
| 20:32 | Create | Militia |
| 20:32 | Create | Militia |
| 20:32 | Create | Militia |
| 21:01 | Build | House |
| 21:40 | Build | Farm |
| 21:40 | Build | Farm |
| 21:40 | Build | Farm |
| 21:41 | Build | Farm |
| 21:41 | Build | Farm |
| 21:43 | Create | Villager (Male) |
| 21:44 | Create | Villager (Male) |
| 21:49 | Create | Villager (Male) |
| 21:50 | Create | Villager (Male) |
| 21:55 | Research | Long Swordsman (upgrade) |
| 22:30 | Create | Villager (Male) |
| 22:30 | Create | Villager (Male) |
| 22:33 | Create | Villager (Male) |
| 23:00 | Create | Militia |
| 23:01 | Create | Militia |
| 23:01 | Create | Militia |
| 23:11 | Build | House |
| 23:17 | Create | Villager (Male) |
| 23:18 | Create | Villager (Male) |
| 23:18 | Create | Villager (Male) |
| 23:26 | Create | Villager (Male) |
| 23:27 | Create | Villager (Male) |
| 24:10 | Build | Farm |
| 24:13 | Create | Villager (Male) |
| 24:13 | Create | Villager (Male) |
| 24:18 | Create | Villager (Male) |
| 24:20 | Create | Villager (Male) |
| 24:21 | Create | Villager (Male) |
| 24:59 | Research | Pikeman (upgrade) |
| 25:09 | Build | Farm |
| 25:12 | Research | Forging |
| 25:14 | Create | Villager (Male) |
| 25:15 | Create | Villager (Male) |
| 25:23 | Build | Mill |
| 25:59 | Build | Farm |
| 25:59 | Build | Farm |
| 25:59 | Build | Farm |
| 25:59 | Build | Farm |
| 26:00 | Build | Farm |
| 26:00 | Build | Farm |
| 26:00 | Build | Farm |
| 26:00 | Build | Farm |
| 26:07 | Create | Villager (Male) |
| 26:07 | Create | Villager (Male) |
| 26:08 | Create | Villager (Male) |
| 26:08 | Create | Villager (Male) |
| 26:10 | Create | Villager (Male) |
| 26:10 | Create | Villager (Male) |
| 26:15 | Build | House |
| 26:17 | Build | House |
| 26:18 | Build | House |
| 26:19 | Build | House |
| 26:33 | Research | Bow Saw |
| 26:42 | Create | Spearman |
| 26:44 | Create | Spearman |
| 26:55 | Build | Mill |
Match timeline
| 9:44 | atouminou · first_building Barracks |
| 11:12 | atouminou · first_building Donjon |
| 11:19 | vibereg · first_building Barracks |
| 11:20 | DarkEater · age_up feudal |
| 11:20 | mustafasahinsau · age_up feudal |
| 11:36 | atouminou · age_up feudal |
| 11:38 | 无名之辈2 · age_up feudal |
| 11:38 | Tycode · age_up feudal |
| 12:21 | Pheonix028 · age_up feudal |
| 12:37 | 无名之辈2 · first_market_buy 100 wood |
| 12:44 | Jeronimoo · first_building Barracks |
| 13:52 | Jeronimoo · age_up feudal |
| 13:54 | 无名之辈2 · first_market_sell 100 stone |
| 14:21 | Tycode · first_market_sell 100 wood |
| 14:22 | Tycode · first_market_buy 100 food |
| 14:25 | Pheonix028 · first_building Siege Workshop |
| 14:48 | Tycode · first_building Barracks |
| 15:10 | vibereg · first_building Archery Range |
| 15:17 | atouminou · first_building Archery Range |
| 16:00 | 无名之辈2 · age_up castle |
| 16:14 | vibereg · first_building Stable |
| 16:39 | Pheonix028 · first_building Barracks |
| 17:05 | DarkEater · first_building Barracks |
| 17:10 | Tycode · age_up castle |
| 18:05 | atouminou · tribute_sent a jugador 1 |
| 18:05 | atouminou · tribute_sent a jugador 2 |
| 18:05 | atouminou · tribute_sent a jugador 4 |
| 18:05 | atouminou · tribute_sent a jugador 5 |
| 18:05 | atouminou · tribute_sent a jugador 6 |
| 18:05 | atouminou · tribute_sent a jugador 7 |
| 18:05 | atouminou · tribute_sent a jugador 8 |
| 18:22 | DarkEater · first_building Stable |
| 18:45 | DarkEater · age_up castle |
| 18:48 | Jeronimoo · first_building Stable |
| 19:00 | atouminou · first_building Stable |
| 19:09 | atouminou · age_up castle |
| 19:43 | atouminou · first_building Monastery |
| 20:02 | mustafasahinsau · first_market_buy 100 food |
| 20:03 | DarkEater · first_building Archery Range |
| 20:04 | vibereg · first_market_buy 100 food |
| 22:07 | Jeronimoo · age_up castle |
| 22:57 | 无名之辈2 · first_building Monastery |
| 23:35 | mustafasahinsau · age_up castle |
| 23:47 | mustafasahinsau · first_building Castle |
| 26:59 | Pheonix028 · first_building Stable |
| 28:48 | 无名之辈2 · first_building Castle |
| 29:11 | Jeronimoo · first_building Monastery |
| 30:15 | Pheonix028 · first_building Archery Range |
| 31:23 | atouminou · first_building Castle |
| 32:07 | 无名之辈2 · age_up imperial |
| 32:21 | Pheonix028 · first_market_buy 100 stone |
| 32:28 | DarkEater · first_building Castle |
| 33:34 | mustafasahinsau · age_up imperial |
| 33:39 | Pheonix028 · age_up castle |
| 33:39 | 无名之辈2 · first_building Barracks |
| 35:20 | vibereg · first_building Castle |
| 35:45 | Jeronimoo · age_up imperial |
| 36:10 | Tycode · first_building Castle |
| 36:17 | atouminou · age_up imperial |
| 38:21 | DarkEater · age_up imperial |
| 40:02 | DarkEater · first_building Siege Workshop |
| 41:06 | Tycode · age_up imperial |
| 43:10 | Tycode · first_building Monastery |
| 44:06 | atouminou · wall_segment Stone Wall x3 |
| 44:08 | atouminou · wall_segment Stone Wall x2 |
| 44:09 | atouminou · wall_segment Stone Wall x1 |
| 45:15 | Pheonix028 · first_building Castle |
| 45:31 | atouminou · first_building Siege Workshop |
| 45:54 | Tycode · first_building Archery Range |
| 46:33 | mustafasahinsau · first_market_sell 100 food |
| 47:05 | atouminou · wall_segment Stone Wall x5 |
| 47:36 | Pheonix028 · wall_segment Palisade Wall x20 |
| 47:54 | Pheonix028 · wall_segment Palisade Wall x19 |
| 48:11 | Tycode · wall_segment Stone Wall x41 |
| 49:41 | atouminou · wall_segment Stone Wall x9 |
| 49:44 | atouminou · wall_segment Stone Wall x5 |
| 49:46 | atouminou · wall_segment Stone Wall x3 |
| 50:51 | Jeronimoo · first_market_sell 100 stone |
| 51:02 | Jeronimoo · first_market_buy 100 wood |
| 51:03 | Tycode · first_building Siege Workshop |
| 56:06 | 无名之辈2 · first_building Stable |
| 56:49 | vibereg · first_market_sell 100 wood |
| 58:21 | Pheonix028 · age_up imperial |
| 60:36 | DarkEater · first_market_sell 100 food |
| 64:08 | vibereg · wall_segment Palisade Wall x2 |
| 66:46 | Pheonix028 · first_building Monastery |
| 69:52 | 无名之辈2 · first_building Siege Workshop |
| 76:20 | DarkEater · first_market_buy 100 wood |
| 76:44 | atouminou · resign |
[ AI ANALYSIS · 1 CREDIT ]
What really happened in this match?
Wolo.gg analyzes every decision: build order, eco, micro, common mistakes by bracket. Personalized analysis on WhatsApp or Discord in 30 seconds.
Civ guide
Byzantines
Perfil
Jugador #20258723